 Dungeon Crawl Stone Soup version 0.23.2-30-g0e89c35 (webtiles) character file.

Game seed: 9549530497637249130

198 Fortress the Firebug (level 5, -8/38 HPs)
             Began as a Draconian Fire Elementalist on June 24, 2019.
             Mangled by a gnoll
             ... wielding a cursed -2 halberd
              (16 damage)
             ... on level 3 of the Dungeon.
             The game lasted 00:08:26 (1539 turns).

Fortress the Firebug (Draconian Fire Elementalist)  Turns: 1539, Time: 00:08:27

Health: -8/38      AC:  6    Str: 10    XL:     5   Next: 47%
Magic:  5/10       EV: 12    Int: 16    God:
Gold:   110        SH:  0    Dex: 12    Spells: 10/11 levels left

rFire    . . .     SeeInvis .   n - +0 dagger
rCold    . . .     Gourm    .   (no shield)
rNeg     . . .     Faith    .   (armour unavailable)
rPois    .         Spirit   .   (helmet restricted)
rElec    .         Reflect  .   (no cloak)
rCorr    .         Harm     .   g - +0 pair of gloves
MR       .....                  (no boots)
Stlth    ++........             e - amulet of magic regeneration
HPRegen  0.12/turn              (no ring)
MPRegen  0.37/turn              (no ring)

@: drained
A: unfitting armour, cold-blooded, AC +5
a: no special abilities


You were on level 3 of the Dungeon.
You were hungry.

You visited 1 branch of the dungeon, and saw 3 of its levels.

You collected 110 gold pieces.

Inventory:

Hand Weapons
 n - a +0 dagger (weapon)
Missiles
 a - 96 stones (quivered)
 m - 8 poisoned needles
 o - a curare-tipped needle
Armour
 g - a +0 pair of gloves (worn)
Jewellery
 e - an amulet of magic regeneration (around neck)
Wands
 f - a wand of flame (11)
Scrolls
 c - 2 scrolls of identify
 h - a scroll of magic mapping
 l - a scroll of teleportation
Potions
 d - a potion of flight {unknown}
 i - a potion of ambrosia {unknown}
 j - a potion of curing {unknown}
 k - 2 potions of haste
Comestibles
 b - 3 rations


   Skills:
 - Level 2.0(1.4) Dodging
 + Level 1.9(1.3) Stealth
 + Level 3.6(3.0) Spellcasting
 + Level 2.6(2.0) Conjurations
 + Level 4.3(3.7) Fire Magic


You had 10 spell levels left.
You knew the following spells:

 Your Spells              Type           Power        Failure   Level  Hunger
a - Flame Tongue          Conj/Fire      ##...        6%          1    #......

Your spell library contained the following spells:

 Spells                   Type           Power        Failure   Level  Hunger
 Throw Flame              Conj/Fire      ##....       9%          2    ##.....
 Conjure Flame            Conj/Fire      ##......     17%         3    ###....
 Inner Flame              Hex/Fire       #.......     26%         3    ###....
 Sticky Flame             Conj/Fire      ##......     50%         4    #####..
 Fireball                 Conj/Fire      ##........   85%         5    ######.


Dungeon Overview and Level Annotations

Branches:
Dungeon (3/15)

Altars:
Ru
Zin


Innate Abilities, Weirdness & Mutations

Your plain brown scales are hard. (AC +5)
You cannot fit into any form of body armour.
You are cold-blooded and may be slowed by cold attacks.


Message History

Press: ? - help, Shift-Dir - straight line, f/p - gnoll
Aim: a gnoll, wielding a +2 whip of draining and wearing a +0 ring mail (almost dead)
The flame tongue hits the gnoll.
You kill the gnoll!
Casting: Flame Tongue (safe; 6% risk of failure)
Confirm with . or Enter, or press ? or * to list all spells.
Aiming: Flame Tongue (safe; 6% risk of failure)
Press: ? - help, Shift-Dir - straight line, f - gnoll
Aim: a gnoll, wielding a -2 halberd The flame tongue hits the gnoll.
The gnoll is heavily wounded.
Casting: Flame Tongue (safe; 6% risk of failure)
Confirm with . or Enter, or press ? or * to list all spells.
Aiming: Flame Tongue (safe; 6% risk of failure)
Press: ? - help, Shift-Dir - straight line, f/p - gnoll
Aim: a gnoll, wielding a -2 halberd (heavily wounded)
The flame tongue misses the gnoll.
The flame tongue hits the gnoll.
The gnoll is heavily wounded.
The gnoll hits you from afar with a cursed -2 halberd!
You die...

#.# #....# # ## #.#
#...# .# ..
#.###...###... #.
#.#..)...(....
##.##.#.)....#....
#.##.........)......#
#.........).gg......#
#.#####.[#.)....#.###
# #.# #..#.##@### ##
#.# #..))....# .###.#
#..#.##..#
.....#####.....#...
...........#........
.###########...#..#..
.# ####..#... ...>.
...#.### #####


You could see 2 gnolls.

Vanquished Creatures
  A scorpion (D:3)
  A howler monkey (D:3)
  A gnoll (D:3)
  4 adders
  4 worms (D:2)
  3 leopard geckos
  An orc (D:3)
  3 giant cockroaches
  7 goblins
  4 hobgoblins
  3 jackals (D:3)
  A quokka (D:3)
  A ball python (D:1)
  6 bats
  2 frilled lizards
  6 kobolds
  7 rats
55 creatures vanquished.

Notes
Turn   | Place    | Note
-------+----------+-------------------------------------------
     0 | D:1      | Fortress the Draconian Fire Elementalist began the quest
                  | for the Orb.
     0 | D:1      | Reached XP level 1. HP: 14/14 MP: 3/3
   157 | D:1      | Reached XP level 2. HP: 17/20 MP: 1/5
   649 | D:2      | Reached XP level 3. HP: 26/26 MP: 2/6
   677 | D:2      | Found a sacrificial altar of Ru.
  1165 | D:3      | Reached XP level 4. HP: 33/33 MP: 5/8
  1176 | D:3      | Reached skill level 4 in Fire Magic
  1223 | D:3      | Found a glowing silver altar of Zin.
  1427 | D:3      | Reached XP level 5. HP: 38/38 MP: 7/9
  1539 | D:3      | Mangled by a gnoll

Skill      XL: |  1  2  3  4 |
---------------+-------------+-----
Dodging        | 2 |  2.0
Spellcasting   | 3 |  3.6
Conjurations   | 2 |  2.6
Fire Magic     | 4 |  4.3
Stealth        | |  1.9

Action                   |  1- 3 |  4- 6 || total
-------------------------+-------+-------++-------
Melee: Unarmed           |    14 |       ||    14
       Tailslap          |     2 |       ||     2
       Dagger            |       |     1 ||     1
 Cast: Flame Tongue      |    73 |    44 ||   117
  Use: Scroll            |     6 |       ||     6
  Eat: Chunk             |     1 |     1 ||     2
Armor: Skin              |    21 |     5 ||    26
Dodge: Dodged            |    23 |    12 ||    35
